 Dungeon Crawl Stone Soup version 0.27-a0-1325-g58a489ad9e (webtiles) character file.

Game seed: 9801523372656281072

1305 basicallysejuani the Tainter (level 8, -1/67 HPs)
             Began as an Ogre Venom Mage on June 24, 2021.
             Was an Initiate of Ashenzari.
             Splashed by an acid dragon's acid (17 damage)
             ... on level 6 of the Dungeon on June 25, 2021.
             The game lasted 01:39:54 (9532 turns).

basicallysejuani the Tainter (Ogre Venom Mage)      Turns: 9532, Time: 01:39:54

Health: -1/67      AC:  3    Str: 15    XL:     8   Next: 57%
Magic:  0/13       EV:  9    Int: 16    God:    Ashenzari [......]
Gold:   151        SH:  0    Dex:  9    Spells: 1/14 levels left

rFire    + . .     SeeInvis .   C - +0 flail (protect)
rCold    . . .     Faith    .   (no shield)
rNeg     . . .     Spirit   +   A - +0 animal skin
rPois    .         Reflect  .   (helmet restricted)
rElec    .         Harm     .   (no cloak)
rCorr    .         Rampage  .   (gloves unavailable)
Will     .....                  (boots unavailable)
Stlth    +.........             l - amulet of guardian spirit
HPRegen  0.21/turn              I - ring "Restrained Together" {rF+, Comp, Bglg} (curse)
MPRegen  0.13/turn              (no ring)

@: no status effects
A: large, unfitting armour, tough skin 1
a: Renounce Religion, Curse Item, Shatter the Chains


You were on level 6 of the Dungeon.
You worshipped Ashenzari.
Ashenzari was noncommittal.
You visited 1 branch of the dungeon, and saw 8 of its levels.

You collected 290 gold pieces.
You spent 139 gold pieces at shops.

Inventory:

Hand Weapons
 b - a +0 dagger
 e - a +0 mace
 f - a +0 short sword
 r - a +0 flail
 v - a +2 dagger of draining
 w - a +0 great sword
 y - a +0 hunting sling
 C - a +0 flail of protection (weapon)
 N - a +0 short sword of speed
Missiles
 g - 230 stones
 i - 26 sling bullets
 o - 18 bolts
 p - 68 arrows
 u - 26 poisoned darts (quivered)
 J - 4 atropa-tipped darts
Armour
 a - a +0 robe
 c - a +0 pair of gloves
 m - a +0 helmet
 s - a +0 ring mail
 x - a +0 ring mail of poison resistance
 A - a +0 animal skin (worn)
Jewellery
 k - a ring of ice
 l - an amulet of guardian spirit (around neck)
 I - the cursed ring "Restrained Together" (left hand) {rF+, Comp, Bglg}
   (You found it on level 4 of the Dungeon)

   [ring of protection from fire]

   It protects you from fire.
   It has a curse which improves the following skills: Companions: Summonings
   and Necromancy.
   Beguiling: Conjurations, Hexes and Translocations.
Wands
 B - a wand of flame (9)
Scrolls
 d - 4 scrolls of identify
 h - a scroll of fear
 t - 2 scrolls of vulnerability
 G - a scroll of enchant weapon
 M - a scroll of amnesia
 O - a scroll of noise
Potions
 j - a potion of attraction
 n - 2 potions of invisibility
 q - 3 potions of curing
 z - 4 potions of lignification
 D - 2 potions of berserk rage
 E - 3 potions of mutation
 F - a potion of might
 H - 2 potions of cancellation
 K - 3 potions of heal wounds


   Skills:
 - Level 0.4 Short Blades
 - Level 1.7 Dodging
 - Level 1.4 Stealth
 + Level 3.6 Spellcasting
 + Level 3.5(4.0) Conjurations
 + Level 2.1 Transmutations
 - Level 8.0 Poison Magic
 + Level 1.7 Evocations


You had one spell level left.
You knew the following spells:

 Your Spells              Type           Power      Damage    Failure   Level
a - Sting                 Tmut/Pois      76%        1d6       2%          1
b - Poisonous Vapours     Pois/Air       30%        N/A       5%          2
c - Mephitic Cloud        Conj/Pois/Air  15%        N/A       11%         3
d - Olgreb's Toxic Radia  Pois           28%        N/A       7%          4
e - Ignite Poison         Fire/Tmut/Pois 13%        N/A       13%         3

Your spell library contained the following spells:

 Spells                   Type           Power      Damage    Failure   Level


Dungeon Overview and Level Annotations

Branches:
Dungeon (8/15)               Lair (0/6) D:8
 Temple: D:4-7

Altars:
Ashenzari
Kikubaaqudgha
The Shining One

Shops:
D:2 *?

Annotations:
D:6 ACID DRAGON WARNING


Innate Abilities, Weirdness & Mutations

You are too large for most types of armour.
You have tough skin. (AC +1)


Message History

Found 15 gold pieces.
Found a staircase to the Lair.
You have a vision of a gate.
There is a stone staircase leading up here.
The warg howls! x2; You hear a shout!
The orc wizard shouts!
You hear a shout!
The necrophage closely misses you.
You hear a shout!
You climb upwards.
There is a stone staircase leading down here.
As you read the scroll of teleportation, it crumbles to dust.
You feel strangely unstable. The jelly closely misses you.
The necrophage barely misses you. The jelly hits you but does no damage.
Your surroundings suddenly seem different.
Found a +0 leather armour.
Found 6 gold pieces.
There is a stone staircase leading up, spattered with blood here.
You climb upwards.
Level annotation: ACID DRAGON WARNING
There is a stone staircase leading down here.
You start resting.
Magic restored.
You start resting.
HP restored.
Okay, then.
The acid dragon roars!
An acid dragon is nearby!
Casting: Ignite Poison (dangerous; 13% risk of failure)
Confirm with . or Enter, or press ? or * to list all spells.
Okay, then.
The acid dragon spits acid at you. The splash of acid hits you!
The acid corrodes you!
You are splashed with acid!
The acid dragon spits acid at you. The splash of acid hits you!
You are splashed with acid!
You are no longer corroded.
An acid dragon is nearby!
The acid dragon spits acid at you. The splash of acid hits you!
* * * LOW HITPOINT WARNING * * *
You are splashed with acid!!
You die...

.....#############.#
..........D....D.#.#
.....###########.#.#
###### #.#.# # #.#.# #
#.#.#### # ########
#.#....# # #......#
#.###.##
#####.####.#####@###.#
....#.#........#.....#
###.#.#.....##.#######
....#.###.#.##.#
....#.......##.#
.#.######.####.#
...............#
##.######.######
.#........#


You could see an acid dragon (catching breath).

Vanquished Creatures
  Grinder (D:3)
  3 water moccasins (D:6)
  A centaur (D:7)
  A kobold brigand (D:5)
  A phantom (D:6)
  A scorpion (D:4)
  A water moccasin zombie (D:5)
  A hound (D:5)
  A jelly (D:6)
  An orc priest (D:3)
  A gnoll shaman (D:7)
  An iguana (D:6)
  Ijyb (D:3)
  A hound skeleton (D:4)
  Robin (D:2)
  A howler monkey skeleton (D:7)
  8 gnolls
  7 adders
  2 ufetubi
  An adder skeleton (D:4)
  A worm (D:2)
  7 orcs
  7 endoplasms
  3 giant cockroaches
  14 goblins
  7 hobgoblins
  4 jackals
  3 quokkas
  5 ball pythons
  8 bats
  3 frilled lizards
  14 kobolds
  9 rats
121 creatures vanquished.

Notes
Turn   | Place    | Note
-------+----------+-------------------------------------------
     0 | D:1      | basicallysejuani the Ogre Venom Mage began the quest for
                  | the Orb.
     0 | D:1      | Reached XP level 1. HP: 16/16 MP: 3/3
   224 | D:1      | Reached skill level 3 in Poison Magic
   229 | D:1      | Reached XP level 2. HP: 24/24 MP: 0/5
   232 | D:1      | Learned a level 2 spell: Poisonous Vapours
   752 | D:1      | Reached XP level 3. HP: 31/31 MP: 3/6
  1059 | D:1      | Found a faded altar of an unknown god.
  1064 | D:1      | Became a worshipper of Ashenzari the Shackled
  1395 | D:2      | Found Zugu's Magic Scroll Shop.
  1607 | D:2      | Reached skill level 4 in Poison Magic
  1825 | D:2      | Reached XP level 4. HP: 19/39 MP: 0/7
  2200 | D:3      | Noticed Grinder
  2208 | D:3      | Paralysed by Grinder for 5 turns
  2229 | D:3      | Paralysed by Grinder for 7 turns
  2236 | D:3      | Killed Grinder
  2237 | D:3      | Reached skill level 6 in Poison Magic
  2237 | D:3      | Reached XP level 5. HP: 36/45 MP: 2/8
  2237 | D:3      | Reached XP level 6. HP: 43/53 MP: 2/9
  2844 | D:2      | Noticed Robin
  2872 | D:2      | Killed Robin
  3905 | D:2      | Found Gofet's General Store.
  4128 | D:3      | Noticed Ijyb
  4151 | D:3      | Killed Ijyb
  5017 | D:2      | Bought a potion of curing for 42 gold pieces
  5066 | D:2      | Bought a scroll of enchant weapon for 97 gold pieces
  5151 | D:4      | Found a glowing golden altar of the Shining One.
  5389 | D:4      | Reached XP level 7. HP: 59/59 MP: 1/10
  5465 | D:4      | Learned a level 3 spell: Mephitic Cloud
  5470 | D:4      | Learned a level 4 spell: Olgreb's Toxic Radiance
  5484 | D:4      | Reached skill level 7 in Poison Magic
  6467 | D:5      | Entered Level 5 of the Dungeon
  6818 | D:5      | Reached skill level 1 in Conjurations
  7643 | D:6      | Reached skill level 8 in Poison Magic
  7643 | D:6      | Reached XP level 8. HP: 27/67 MP: 3/11
  8201 | D:6      | Reached skill level 1 in Transmutations
  8502 | D:6      | Reached skill level 1 in Evocations
  8867 | D:6      | Learned a level 3 spell: Ignite Poison
  8956 | D:6      | Found an ancient bone altar of Kikubaaqudgha.
  9403 | D:8      | Found a staircase to the Lair.
  9532 | D:6      | Splashed by an acid dragon's acid

Illustrated notes

Levels and vault maps discovered:
D:1:      minmay_arrival_widening_spiral_wide, layout_basic,
          basic_ecumenical_altar, fountainhead
D:2:      layout_loops_ring, serial_shops, nicolae_shop_stone, shop, uniq_robin
D:3:      layout_basic, kennysheep_pointless_box, uniq_ijyb, uniq_grinder
D:4:      layout_cave_pods, tso_metal_star, minmay_temple_entry_from_below_a,
          glass_columns_a, kennysheep_small_square
D:5:      layout_basic
D:6:      layout_basic, kiku_gazebo_garden_becter
D:7:      layout_rooms, nemelex_diamond_rough_becter, grunt_ashenzari_visionary
          [grunt_ashenzari_visionary_shoals, grunt_ashenzari_visionary_spider],
          nicolae_uskayaw_suspiria, minmay_lizard_king
D:8:      minmay_angry_zag, layout_basic, nicolae_overflow_hidden_temple,
          erik_lair_orcish_takeover, nicolae_ossuary_entry_monument,
          small_chamber_with_monster, minmay_hollow_rounded_squares

Skill      XL: |  1  2  3  4  5  6  7  8 |
---------------+-------------------------+-----
Poison Magic   | 3 4 6 8 |  8.0
Conjurations   | 2 3 |  3.5
Transmutations | 2 |  2.1
Spellcasting   | 3 |  3.6
Evocations     | 1 |  1.7
Short Blades   | |  0.4
Dodging        | |  1.7
Stealth        | |  1.4

Action                   |  1- 3 |  4- 6 |  7- 9 || total
-------------------------+-------+-------+-------++-------
Melee: Mace              |    15 |    20 |       ||    35
       Short sword       |    23 |       |       ||    23
       Flail             |       |    21 |    18 ||    39
       Dagger            |       |    14 |    65 ||    79
 Fire: Hunting sling     |       |       |     3 ||     3
 Cast: Sting             |    13 |    14 |    23 ||    50
       Poisonous Vapours |    29 |    78 |    38 ||   145
       Olgreb's Toxic Ra |       |       |     8 ||     8
       Mephitic Cloud    |       |       |     1 ||     1
Invok: Curse Item        |       |       |     1 ||     1
  Use: Scroll            |       |       |     2 ||     2
 Stab: Sleeping          |     2 |       |       ||     2
Armor: Robe              |    26 |    14 |       ||    40
       Animal skin       |       |    14 |    38 ||    52
Dodge: Dodged            |    24 |    39 |    67 ||   130

Table legend: (Time is in decaauts)
 A = Elapsed time spent in this place.
 B = Non-inter-level travel time spent in this place.
 C = Inter-level travel time spent in this place.
 D = Time resting spent in this place.
 E = Time spent auto-exploring this place.
 F = Levels seen in this place.
 G = Mean time per level.
                   A        B        C        D        E       F      G
               +--------+--------+--------+--------+--------+-----+--------+
         Total |   9557 |   8379 |   1178 |   4238 |   2624 |   8 | 1194.6 |
       Dungeon |   9557 |   8379 |   1178 |   4238 |   2624 |   8 | 1194.6 |
               +--------+--------+--------+--------+--------+-----+--------+

Top non-repeatable levels by time:
     D:2: 2094 daAuts
     D:6: 1709 daAuts
     D:3: 1686 daAuts
     D:4: 1356 daAuts
     D:1: 1350 daAuts
     D:5: 1301 daAuts
     D:7: 57 daAuts
     D:8: 1 daAuts
